 Dungeon Crawl Stone Soup version 0.28.0 (webtiles) character file.

Game seed: 6687406051745872077

51 Host24 the Bolt Thrower (level 4, 0/28 HPs)
             Began as a Kobold Hunter on Mar 5, 2022.
             Slain by Jessica (10 damage)
             ... on level 2 of the Dungeon.
             The game lasted 00:02:25 (2000 turns).

Host24 the Bolt Thrower (Kobold Hunter)             Turns: 2000, Time: 00:02:26

Health: 0/28       AC:  3    Str: 11    XL:     4   Next: 5%
Magic:  4/4        EV: 14    Int: 12    God:
Gold:   16         SH:  0    Dex: 15    Spells: 3/3 levels left

rFire   . . .      SeeInvis .   a - +1 hand crossbow
rCold   . . .      Faith    .   (no shield)
rNeg    . . .      Spirit   .   c - +0 leather armour
rPois   .          Reflect  .   (no helmet)
rElec   .          Harm     .   (no cloak)
rCorr   .          Rampage  .   (no gloves)
Will    .....                   (no boots)
Stlth   +++.......              (no amulet)
HPRegen 0.09/turn               (no ring)
MPRegen 0.09/turn               (no ring)

@: no status effects
A: small, no large weapons, nightstalker 3
a: no special abilities


You were on level 2 of the Dungeon.
You visited 1 branch of the dungeon, and saw 2 of its levels.

You collected 16 gold pieces.

Inventory:

Hand Weapons
 a - a +1 hand crossbow (weapon)
 b - a +0 short sword
Missiles
 d - 34 bolts (quivered ammo)
 i - 3 poisoned darts
Armour
 c - a +0 leather armour (worn)
 k - a +1 scale mail of cold resistance
Scrolls
 e - a scroll of amnesia {unknown}
 j - a scroll of enchant armour {unknown}
 l - a scroll of identify {unknown}
Potions
 f - a potion of haste {unknown}
 g - a potion of flight {unknown}
 h - a potion of heal wounds {unknown}


   Skills:
 - Level 3.1 Fighting
 + Level 5.5 Crossbows
 - Level 3.1 Dodging
 - Level 1.3 Stealth


You had 3 spell levels left.
You didn't know any spells.
Your spell library was empty.

Dungeon Overview and Level Annotations

Branches:
Dungeon (2/15)

Altars:

Shops:
D:2 (

Annotations:
D:2 Jessica


Innate Abilities, Weirdness & Mutations

You are small and have problems with some larger weapons.
You are completely attuned to the shadows.


Message History

The bolt hits Jessica but does no damage.
Jessica is moderately wounded.
The bat misses you.
Jessica hits you with a +3 spectral club!
Fire: 39 bolts
Press: ? - help, Q - select action, (/) - cycle Shift-Dir - straight line, f/p - Jessica
Aim: Jessica, wielding a +3 spectral club and wearing a +0 robe (moderately wounded, 66% to hit)
You shoot a bolt. The bolt hits Jessica.
Jessica is severely wounded.
The bat misses you. Jessica misses you.
Fire: 38 bolts
Press: ? - help, Q - select action, (/) - cycle Shift-Dir - straight line, f/p - Jessica
Aim: Jessica, wielding a +3 spectral club and wearing a +0 robe (severely wounded, 66% to hit)
You shoot a bolt. The bolt closely misses Jessica.
Jessica gestures wildly.
Jessica hits you with a +3 spectral club!
The bat hits you.
Jessica shouts, "You are a ghastly nuisance!"
Jessica gestures at you while chanting. Pain shoots through your body!
Fire: 37 bolts
Press: ? - help, Q - select action, (/) - cycle Shift-Dir - straight line, f/p - Jessica
Aim: Jessica, wielding a +3 spectral club and wearing a +0 robe (severely wounded, 66% to hit)
You shoot a bolt. The bolt hits Jessica.
Jessica is almost dead.
The bat misses you. The bat closely misses you.
Jessica points at you and mumbles some strange words.
You barely resist.
Fire: 36 bolts
Press: ? - help, Q - select action, (/) - cycle Shift-Dir - straight line, f/p - Jessica
Aim: Jessica, wielding a +3 spectral club and wearing a +0 robe (almost dead, 66% to hit)
You shoot a bolt. The bolt barely misses Jessica.
The bat barely misses you. Jessica misses you.
Fire: 35 bolts
Press: ? - help, Q - select action, (/) - cycle Shift-Dir - straight line, f/p - Jessica
Aim: Jessica, wielding a +3 spectral club and wearing a +0 robe (almost dead, 66% to hit)
You shoot a bolt. The bolt barely misses Jessica.
The bat barely misses you. The bat closely misses you.
Jessica hits you with a +3 spectral club!
You die...

..... >...# ##.. #..
... #.. #.# #.#
#.##### #.. ##..).((
#.# #..@@..( #.#
#.b####. #.#
#..####.# #.#
#....##.# #.#
#.##.##.##########.#
#.##.##.##.........#
#.......##.#########
####......^#
#########


You could see Jessica and a bat.

Vanquished Creatures
  2 adders (D:2)
  An endoplasm (D:2)
  A giant cockroach (D:1)
  6 goblins
  3 hobgoblins (D:1)
  2 quokkas (D:1)
  5 ball pythons
  2 bats (D:1)
  2 frilled lizards (D:1)
  2 kobolds (D:2)
  8 rats
34 creatures vanquished.

Notes
Turn   | Place    | Note
-------+----------+-------------------------------------------
     0 | D:1      | Host24 the Kobold Hunter began the quest for the Orb.
     0 | D:1      | Reached XP level 1. HP: 12/12 MP: 1/1
   113 | D:1      | Reached skill level 5 in Crossbows
   295 | D:1      | Reached XP level 2. HP: 15/17 MP: 2/2
   901 | D:1      | Reached XP level 3. HP: 21/22 MP: 3/3
  1280 | D:2      | Found Dystuir's Antique Weapon Shoppe.
  1871 | D:2      | Reached XP level 4. HP: 28/28 MP: 4/4
  1990 | D:2      | Noticed Jessica
  2000 | D:2      | Slain by Jessica

Illustrated notes

Levels and vault maps discovered:
D:1:      moated_graveyard_arrival, layout_loops_ring
D:2:      layout_loops_cross, basic_altar, serial_shops, shop, uniq_jessica

Skill      XL: |  1  2  3 |
---------------+----------+-----
Crossbows      | 5 |  5.5
Dodging        | 3 |  3.1
Fighting       | 3 |  3.1
Stealth        | |  1.3

Action                   |  1- 3 |  4- 6 || total
-------------------------+-------+-------++-------
Melee: Short sword       |    92 |     4 ||    96
 Fire: Hand crossbow     |    10 |     9 ||    19
 Stab: Sleeping          |    15 |     1 ||    16
Armor: Leather armour    |    18 |     1 ||    19
Dodge: Dodged            |    74 |    14 ||    88
